 Dungeon Crawl Stone Soup version 0.28.0 (webtiles) character file.

Game seed: 819861839762352778

81 Sanktem7 the Skirmisher (level 4, -12/40 HPs)
             Began as a Hill Orc Fighter on Feb 9, 2022.
             Killed by divine providence
             ... invoked by an orc priest
              (14 damage)
             ... on level 3 of the Dungeon.
             The game lasted 00:04:57 (2622 turns).

Sanktem7 the Skirmisher (Hill Orc Fighter)          Turns: 2622, Time: 00:04:59

Health: -12/40     AC:  8    Str: 20    XL:     4   Next: 40%
Magic:  4/4        EV:  9    Int:  8    God:
Gold:   88         SH:  4    Dex: 10    Spells: 3/3 levels left

rFire   . . .      SeeInvis .   a - +0 long sword
rCold   . . .      Faith    .   c - +0 buckler
rNeg    . . .      Spirit   .   b - +0 scale mail
rPois   .          Reflect  .   (no helmet)
rElec   .          Harm     .   (no cloak)
rCorr   .          Rampage  .   l - +0 pair of gloves
Will    .....                   (no boots)
Stlth   ..........              (no amulet)
HPRegen 0.13/turn               (no ring)
MPRegen 0.09/turn               (no ring)

@: no status effects
A: no striking features
a: Convert to Beogh


You were on level 3 of the Dungeon.
You visited 1 branch of the dungeon, and saw 3 of its levels.

You collected 88 gold pieces.

Inventory:

Hand Weapons
 a - a +0 long sword (weapon)
Armour
 b - a +0 scale mail (worn)
 c - a +0 buckler (worn)
 l - a +0 pair of gloves (worn)
Wands
 g - a wand of polymorph (7)
Scrolls
 e - 3 scrolls of teleportation {unknown}
 j - a scroll of immolation {unknown}
Potions
 d - 3 potions of might
 f - a potion of brilliance {unknown}
 h - a potion of cancellation {unknown}
 i - a potion of flight {unknown}
 k - a potion of haste {unknown}


   Skills:
 + Level 4.2 Fighting
 + Level 3.2 Long Blades
 + Level 3.9 Armour
 + Level 0.5 Dodging
 + Level 3.8 Shields


You had 3 spell levels left.
You didn't know any spells.
Your spell library contained the following spells:

 Spells                   Type           Power      Damage    Failure   Level
 Corpse Rot               Necr/Air       0%         N/A       94%         2
 Poisonous Vapours        Pois/Air       0%         N/A       94%         2


Dungeon Overview and Level Annotations

Branches:
Dungeon (3/15)

Altars:


Message History

(press Y on the ability menu to convert to Beogh)
You see here 11 stones.
A kobold comes into view. It is wielding a +0 dagger.
The kobold shouts!
You hear a shout! x2
A kobold comes into view. It is wielding a +0 dagger.
The orc priest mumbles some strange prayers to Beogh against you.
Pain shoots through your body!
The kobold shouts!
The orc priest mumbles some strange prayers to Beogh against you.
Pain shoots through your body! You block the kobold's attack.
You barely miss the kobold.
The orc priest calls down the wrath of Beogh upon you.
Beogh smites you!
* * * LOW HITPOINT WARNING * * *
A hobgoblin comes into view. It is wielding a +0 club.
The kobold hits you but does no damage. The orc priest barely misses you.
You block the kobold's attack.
You hear a shout!
You hear a shout!
The orc priest looks encouraged for a moment.
The kobold hits you but does no damage.
You hear a shout!
The orc priest shouts, "Join the one true god or die!"
You hit the kobold.
You kill the kobold!
You hit the orc priest but do no damage.
The orc priest closely misses you.
You hit the orc priest.
The orc priest shouts, "Beogh is our master!
Accept the truth or die!"
The orc priest is lightly wounded.
The orc priest hits you but does no damage.
The orc priest hits you with a +0 dagger.
* * * LOW HITPOINT WARNING * * *
You hit the orc priest.
The orc priest is lightly wounded.
The kobold hits you with a +0 dagger.
* * * LOW HITPOINT WARNING * * *
The orc priest calls down the wrath of Beogh upon you.
Beogh smites you!
You die...

#.#..#.#
#.#.#.##.#
#.#.#.##.#
#.#+#'##+##
#.........#
#....†....#
#.........#
#.........#
#@K.......#
#####o(......#
#####.K..........#
...g....K.########
.....###..# ####
..## .### ##


You could see an orc priest and a kobold.

Vanquished Creatures
  3 adders (D:2)
  A worm (D:3)
  A dart slug (D:1)
  A bat (D:1)
  7 endoplasms
  4 goblins (D:2)
  6 hobgoblins
  3 jackals (D:2)
  3 quokkas
  4 ball pythons
  5 frilled lizards
  4 kobolds
  5 rats
47 creatures vanquished.

Notes
Turn   | Place    | Note
-------+----------+-------------------------------------------
     0 | D:1      | Sanktem7 the Hill Orc Fighter began the quest for the Orb.
     0 | D:1      | Reached XP level 1. HP: 19/19 MP: 1/1
    46 | D:1      | You fall into a shaft and drop 1 floor!
    69 | D:2      | Reached XP level 2. HP: 12/27 MP: 2/2
   634 | D:2      | Reached skill level 4 in Fighting
   634 | D:2      | Reached XP level 3. HP: 3/33 MP: 3/3
  1595 | D:1      | Reached XP level 4. HP: 23/40 MP: 4/4
  2622 | D:3      | HP: 2/40 [kobold (3)]
  2622 | D:3      | Killed from afar by an orc priest

Illustrated notes

Levels and vault maps discovered:
D:1:      lemuel_arrival_broad_hall, layout_basic, minmay_fountain_box
D:2:      layout_loops_ring
D:3:      cheibrodos_thug_alley, layout_basic, lemuel_another_geyser

Skill      XL: |  1  2  3  4 |
---------------+-------------+-----
Fighting       | 4 |  4.2
Long Blades    | 3 |  3.2
Armour         | |  3.9
Dodging        | |  0.5
Shields        | |  3.8

Action                   |  1- 3 |  4- 6 || total
-------------------------+-------+-------++-------
Melee: Long sword        |    99 |    60 ||   159
Armor: Scale mail        |    61 |    22 ||    83
Dodge: Dodged            |    53 |    30 ||    83
Block: Buckler           |    24 |    20 ||    44
